AoeStats
← Wgonzalez079389

African Clearing

510468280Analyzed
4v4 RM · 1d ago on Oct 1, 2026· 24m 36s· 8 players
Game mode
Random Map
Map size
Large (8 player)
Population
200
Speed
Normal
Resources
Standard
Victory
Conquest
Starting age
Dark Age
Ending age
Imperial Age
RankedLock teamsTeams togetherTeam positionsShared explorationLock speedFull tech treeHidden civsTurbo modeCheats
Victory
Defeat
🇲🇽 Koreans · Mexico
1059
+19
🇳🇮 Vietnamese · Nicaragua
1051
+19
🇺🇸 Ethiopians · United States
1035
+20
🇩🇪 Huns · Germany
1022
+20
🇦🇷 Spanish · Argentina
1135
-20
🇦🇷 Malay · Argentina
1132
-20
🇦🇷 Persians · Argentina
1109
-19
🇩🇪 Khmer · Germany
1106
-19
Sniper_Wolf
3:18 Loom
15:37 Feudal Age
16:14 Double-Bit Axe
16:20 Gold Mining
17:47 Fletching
20:17 Wheelbarrow
19:28 Town Watch
MYTH NICAZ
4:34 Loom
12:56 Feudal Age
17:38 Castle Age
15:50 Double-Bit Axe
16:25 Gold Mining
17:08 Fletching
17:41 Crossbowman
18:35 Padded Archer Armor
21:09 Bodkin Arrow
22:21 Thumb Ring
22:39 Town Watch
24:12 Leather Archer Armor
Guerilla62
4:49 Loom
15:14 Feudal Age
16:51 Wheelbarrow
16:06 Double-Bit Axe
16:05 Horse Collar
16:56 Stone Mining
20:20 Gold Mining
25:32 Castle Age
Wgonzalez079389
3:23 Loom
12:59 Feudal Age
13:33 Double-Bit Axe
19:16 Bloodlines
21:54 Wheelbarrow
25:02 Castle Age
24:01 Fletching
24:25 Forging
24:24 Scale Barding Armor
FaKuuuu
6:58 Loom
15:14 Feudal Age
19:06 Castle Age
18:05 Double-Bit Axe
haspirits
7:49 Loom
16:32 Feudal Age
17:06 Fishing Lines
17:27 Double-Bit Axe
18:01 Bloodlines
Franz
3:57 Loom
15:19 Feudal Age
14:47 Man-at-Arms
20:25 Horse Collar
26:29 Castle Age
viber
7:48 Loom
14:03 Feudal Age
14:38 Feudal Age
18:28 Castle Age
17:02 Double-Bit Axe
Connection lost

Rejoining the realm…

Still unreachable

The connection could not be restored.

Session expired

The server has moved on; the page needs a fresh start.